 Dungeon Crawl Stone Soup version 0.24-a0-584-g9d6b971ae4 (webtiles) character file.

Game seed: 3277948658735461071, levelgen mode: deterministic

37175 GordonOverkill the Fighter (level 13, -4/103 HPs)
             Began as a Barachi Fire Elementalist on Aug 30, 2019.
             Was an Elder of Vehumet.
             Splashed by an oklob plant's acid (8 damage)
             ... on level 5 of the Lair of Beasts.
             The game lasted 00:52:02 (24397 turns).

GordonOverkill the Fighter (BaFE)                  Turns: 24397, Time: 00:52:03

Health: -4/103     AC:  0    Str:  9    XL:     13   Next: 95%
Magic:  6/26       EV: 22    Int: 20    God:    Vehumet [****..]
Gold:   1123       SH:  5    Dex: 14    Spells: 12/30 levels left

rFire    . . .     SeeInvis .   B - +3 dagger (elec)
rCold    + . .     Gourm    .   i - +0 buckler
rNeg     . . .     Faith    .   L - +1 steam dragon scales
rPois    .         Spirit   .   I - +2 hat
rElec    .         Reflect  .   (no cloak)
rCorr    .         Harm     .   (no gloves)
MR       .....                  (no boots)
Stlth    +++.......             (no amulet)
HPRegen  0.27/turn              u - +4 ring of evasion
MPRegen  0.20/turn              q - ring of protection from cold

@: corroded, slow
A: +LOS, swims, slowness 1, strong legs 2
a: Hop, Renounce Religion


You were on level 5 of the Lair of Beasts.
You worshipped Vehumet.
Vehumet was greatly pleased with you.
You were not hungry.

You visited 3 branches of the dungeon, and saw 16 of its levels.

You collected 1123 gold pieces.

Inventory:

Hand Weapons
 p - a +0 spear of piercing
 x - a +1 whip of venom
 B - a +3 dagger of electrocution (weapon)
 N - a +0 trident
Missiles
 n - a throwing net
 w - 6 javelins
 F - 4 boomerangs (quivered)
Armour
 i - a +0 buckler (worn)
 I - a +2 hat (worn)
 L - +1 steam dragon scales (worn)
Magical Staves
 y - an uncursed staff of energy
Jewellery
 q - a ring of protection from cold (right hand)
 r - an uncursed ring of flight
 u - a +4 ring of evasion (left hand)
 v - an uncursed ring of see invisible
 D - an uncursed ring of ice
 O - an uncursed ring of ice
Wands
 s - a wand of acid (16)
 C - a wand of paralysis (21)
 J - a wand of iceblast (4)
 M - a wand of digging (5)
Scrolls
 b - 3 scrolls of teleportation
 d - 8 scrolls of remove curse
 e - a scroll of fear
 g - 3 scrolls of amnesia
 h - 4 scrolls of magic mapping
 l - 5 scrolls of enchant weapon
 o - a scroll of blinking {unknown}
 H - 4 scrolls of identify
Potions
 a - 3 potions of flight
 f - 3 potions of mutation
 j - 5 potions of curing
 k - a potion of invisibility
 m - 3 potions of agility
 t - a potion of brilliance
 z - 4 potions of lignification
 A - 3 potions of haste
 E - 2 potions of might
 G - 3 potions of heal wounds
 K - 2 potions of magic
Miscellaneous
 Q - a lamp of fire
Comestibles
 c - 24 rations


   Skills:
 - Level 10.0 Fighting
 + Level 9.1 Polearms
 - Level 10.0 Dodging
 - Level 5.0 Stealth
 - Level 4.0 Shields
 + Level 9.0 Spellcasting
 + Level 9.0 Conjurations
 + Level 9.0 Fire Magic
 + Level 6.0 Earth Magic
 + Level 9.0 Evocations


You had 12 spell levels left.
You knew the following spells:

 Your Spells              Type           Power        Failure   Level  Hunger
a - Flame Tongue          Conj/Fire      #####        1%          1    None
b - Conjure Flame         Conj/Fire      #####...     1%          3    None
c - Sticky Flame          Conj/Fire      #####...     1%          4    ###....
d - Fireball              Conj/Fire      #####.....   1%          5    #####..
e - Bolt of Magma         Conj/Fire/Erth #####.....   2%          5    #####..

Your spell library contained the following spells:

 Spells                   Type           Power        Failure   Level  Hunger
 Bolt of Draining         Conj/Necr      ####......   9%          5    #####..
 Throw Flame              Conj/Fire      #####.       1%          2    None
 Inner Flame              Hex/Fire       ####....     1%          3    None
 Confusing Touch          Hex            #.....       8%          1    None
 Confuse                  Hex            #.......     22%         3    None
 Gell's Gravitas          Tloc           #.........   22%         3    None
 Petrify                  Tmut/Erth      ###.....     22%         4    ###....
 Yara's Violent Unravell  Hex/Tmut       #.........   45%         5    #####..
 Metabolic Englaciation   Hex/Ice        #.........   91%         5    #####..


Dungeon Overview and Level Annotations

Branches:
Dungeon (10/15)            Temple (1/1) D:5            Lair (5/6) D:10
 Shoals (0/4) Lair:3       Spider (0/4) Lair:4        Slime (0/5) Lair:5
    Orc (0/2) D:9

Altars:
Ashenzari
Cheibriados
Dithmenos
Elyvilon
Fedhas
Gozag
Hepliaklqana
Kikubaaqudgha
Makhleb
Nemelex Xobeh
Okawaru
Qazlal
Ru
Sif Muna
Trog
Uskayaw
Vehumet
Wu Jian
Xom
Yredelemnul
Zin
The Shining One

Annotations:
Lair:5 exclusion: 2 oklob plants


Innate Abilities, Weirdness & Mutations

Shadows flee at your approach. (+LOS)
You can swim through water.
You cover ground slowly.
You can hop long distances.


Message History

The oklob plant spits acid at you. The splash of acid hits you!
You are splashed with acid!
Casting: Fireball (safe; 1% risk of failure)
Confirm with . or Enter, or press ? or * to list all spells.
Aiming: Fireball (safe; 1% risk of failure)
Press: ? - help, Shift-Dir - straight line The fireball explodes!
The fireball engulfs the oklob plant!
You destroy the oklob plant!
Vehumet accepts your kill.
You feel your power returning. The oklob plant spits acid at you.
The splash of acid hits you! The acid corrodes you!
You are splashed with acid!
* * * LOW HITPOINT WARNING * * *
You hit the fungus.
The fungus is severely damaged.
The oklob plant spits acid at you. The splash of acid hits you!!
* * * LOW HITPOINT WARNING * * *
The acid corrodes you!
You are splashed with acid!
You die...

##.......P.# ###
####...###.# ###..#
#.....# ##.#....
######....### ##........
#.#.......PP###.P......P
###....................>P
#.#.......#..............
P....?.....#.............
PPP.......#....P@........


PP....................... .............รท........... .........................
............##........... ...........##............ ...........P###.(........
............# ##......... .........#### ##P....... You could see 2 oklob plants.

Vanquished Creatures
  Gastronok (Lair:1)
  A fire dragon (Lair:4)
  Fannar (Lair:1)
  A hydra (Lair:4)
  4 two-headed ogres
  Urug (Lair:1)
  3 oklob plants (Lair:5)
  Joseph (Lair:1)
  4 black mambas
  A gargoyle (D:10)
  6 spiny frogs
  17 rime drakes
  6 komodo dragons
  3 jumping spiders (Lair:4)
  3 trolls
  3 blink frogs (Lair:2)
  A dream sheep (Lair:2)
  7 hippogriffs
  Sigmund (D:2)
  A spriggan (Lair:2)
  3 wyverns
  32 yaks
  5 redbacks (Lair:4)
  A basilisk (Lair:4)
  Grum (Lair:1)
  2 hungry ghosts
  9 steam dragons (Lair:4)
  Edmund (D:5)
  10 water moccasins
  7 porcupines
  4 ice beasts
  4 orc warriors
  4 sky beasts
  4 black bears
  3 ogres
  A phantom (D:9)
  4 centaurs
  11 wolves
  4 crocodiles
  A big kobold (D:7)
  Blork the orc (D:4)
  9 bullfrogs
  A wyvern skeleton (D:8)
  3 troll zombies (D:9)
  4 scorpions
  6 killer bees
  5 howler monkeys
  9 crimson imps
  A centaur zombie (D:7)
  3 jellies
  3 centaur skeletons
  5 hounds
  5 orc priests
  A gnoll shaman (D:4)
  Jessica (D:3)
  2 bullfrog skeletons (D:7)
  8 orc wizards
  8 worker ants
  A killer bee zombie (D:8)
  3 ogre zombies (D:9)
  3 hound zombies
  A hound skeleton (D:5)
  A howler monkey zombie (D:7)
  A worker ant zombie (D:7)
  17 gnolls
  11 adders
  A shadow imp (D:9)
  2 oozes
  An adder zombie (D:8)
  7 worms
  7 leopard geckos
  15 orcs
  6 bats
  6 giant cockroaches
  5 goblins
  5 hobgoblins
  19 jackals
  9 kobolds
  4 quokkas
  4 ball pythons
  6 frilled lizards
  2 goblin zombies (D:9)
  2 hobgoblin skeletons (D:9)
  A hobgoblin zombie (D:9)
  A leopard gecko skeleton (D:5)
  An orc skeleton (D:9)
  12 orc zombies (D:9)
  8 rats
  A butterfly (Lair:3)
  2 plants
417 creatures vanquished.

Vanquished Creatures (others)
  A spriggan (D:10)
  A steam dragon (Lair:4)
  An orc (D:10)
  A kobold (D:10)
  15 fungi
  3 plants
22 creatures vanquished.

Grand Total: 439 creatures vanquished

Notes
Turn   | Place    | Note
-------+----------+-------------------------------------------
     0 | D:1      | GordonOverkill the Barachi Fire Elementalist began the
                  | quest for the Orb.
     0 | D:1      | Reached XP level 1. HP: 13/13 MP: 3/3
   423 | D:1      | Reached XP level 2. HP: 18/19 MP: 0/5
  1367 | D:2      | Reached XP level 3. HP: 12/24 MP: 1/6
  1462 | D:2      | Learned a level 3 spell: Conjure Flame
  1672 | D:2      | Noticed Sigmund
  2264 | D:2      | Reached XP level 4. HP: 29/30 MP: 4/7
  2447 | D:2      | Reached skill level 1 in Shields
  3224 | D:2      | Killed Sigmund
  3224 | D:2      | Reached XP level 5. HP: 22/35 MP: 4/9
  3224 | D:2      | Reached XP level 6. HP: 26/41 MP: 4/10
  3789 | D:3      | Noticed Jessica
  3797 | D:3      | Killed Jessica
  3825 | D:3      | Learned a level 4 spell: Sticky Flame
  4410 | D:3      | Reached skill level 1 in Fighting
  4589 | D:3      | Reached XP level 7. HP: 48/48 MP: 9/12
  5402 | D:4      | Noticed Blork the orc
  5411 | D:4      | Killed Blork the orc
  5710 | D:5      | Entered Level 5 of the Dungeon
  5752 | D:5      | Reached skill level 1 in Polearms
  6334 | D:5      | Reached XP level 8. HP: 28/58 MP: 2/14
  6540 | D:5      | Noticed Edmund
  6560 | D:5      | Killed Edmund
  6912 | D:5      | Got a warped leather armour
  6923 | D:5      | Identified the +2 leather armour "Kiehax" {+Blink Str+8
                  | Int-5 Dex-4} (You found it on level 5 of the Dungeon)
  6952 | D:5      | Found a staircase to the Ecumenical Temple.
  7012 | Temple   | Entered the Ecumenical Temple
  7106 | Temple   | Became a worshipper of Vehumet
  7791 | D:6      | Found a sparkling altar of Nemelex Xobeh.
  7898 | D:6      | Reached skill level 5 in Stealth
  7912 | D:6      | Paralysed by an orc for 2 turns
  8615 | D:7      | Reached XP level 9. HP: 54/65 MP: 1/15
  8747 | D:6      | Reached skill level 5 in Polearms
  9155 | D:7      | Reached skill level 5 in Conjurations
  9407 | D:7      | Reached skill level 5 in Fire Magic
  9481 | D:7      | Reached * piety under Vehumet
  9481 | D:7      | Offered knowledge of Magic Dart by Vehumet.
  9779 | D:7      | Reached skill level 5 in Spellcasting
  9785 | D:7      | Reached skill level 1 in Evocations
 10920 | D:8      | Reached XP level 10. HP: 71/71 MP: 19/19
 11250 | D:9      | Noticed a two-headed ogre
 11336 | D:8      | Killed a two-headed ogre
 11336 | D:8      | Reached skill level 5 in Fighting
 11348 | D:8      | Reached skill level 5 in Dodging
 11348 | D:8      | Reached skill level 5 in Evocations
 11477 | D:9      | Offered knowledge of Sting by Vehumet.
 11526 | D:9      | Reached ** piety under Vehumet
 11998 | D:9      | Noticed a two-headed ogre
 12006 | D:9      | Killed a two-headed ogre
 12425 | D:9      | Found a staircase to the Orcish Mines.
 12507 | D:9      | Reached XP level 11. HP: 55/81 MP: 18/21
 12534 | D:9      | Offered knowledge of Searing Ray by Vehumet.
 12995 | D:10     | Entered Level 10 of the Dungeon
 13048 | D:9      | Reached *** piety under Vehumet
 13894 | D:10     | Got a slimy rapier
 13895 | D:10     | Identified the +6 rapier "Jaigob" {freeze, *Slow +Blink
                  | Dex+4} (You found it on level 10 of the Dungeon)
 14331 | D:10     | Offered knowledge of Fulminant Prism by Vehumet.
 14646 | D:10     | Noticed a two-headed ogre
 14659 | D:10     | Killed a two-headed ogre
 14795 | D:10     | Noticed a two-headed ogre
 14808 | D:10     | Killed a two-headed ogre
 14815 | D:10     | Learned a level 5 spell: Fireball
 14981 | D:10     | Found a staircase to the Lair.
 15227 | Lair:1   | Entered Level 1 of the Lair of Beasts
 15227 | Lair:1   | Noticed Joseph
 15281 | Lair:1   | Killed Joseph
 15533 | Lair:1   | Noticed Urug
 15548 | Lair:1   | Killed Urug
 15630 | Lair:1   | Reached XP level 12. HP: 44/91 MP: 15/23
 15640 | Lair:1   | Noticed Fannar
 15898 | Lair:1   | Killed Fannar
 16023 | Lair:1   | Noticed Grum
 16027 | Lair:1   | Reached **** piety under Vehumet
 16038 | Lair:1   | Killed Grum
 16631 | Lair:1   | Noticed Gastronok
 16646 | Lair:1   | Killed Gastronok
 17346 | Lair:2   | Offered knowledge of Bolt of Magma by Vehumet.
 17353 | Lair:2   | Learned a level 5 spell: Bolt of Magma
 17460 | Lair:2   | You fall into a shaft and drop 2 floors!
 17775 | Lair:3   | Reached skill level 1 in Earth Magic
 19760 | Lair:3   | Gained mutation: You can hop long distances. [Barachi
                  | growth]
 19760 | Lair:3   | Reached XP level 13. HP: 70/102 MP: 15/25
 20086 | Lair:3   | Found a staircase to the Shoals.
 20480 | Lair:3   | Reached skill level 10 in Fighting
 20821 | Lair:3   | Reached skill level 5 in Earth Magic
 20853 | Lair:3   | Reached skill level 10 in Dodging
 21196 | Lair:4   | Found a hole to the Spider Nest.
 21716 | Lair:4   | Reached ***** piety under Vehumet
 21716 | Lair:4   | Offered knowledge of Bolt of Draining by Vehumet.
 22059 | Lair:4   | Noticed a fire dragon
 23360 | Lair:4   | Killed a fire dragon
 24013 | Lair:5   | Found a staircase to the Slime Pits.
 24397 | Lair:5   | HP: 4/103 [oklob plant/splash of acid (18)]
 24397 | Lair:5   | Splashed by an oklob plant's acid

Levels and vault maps discovered:
D:1:      lightli_arrival_farm, layout_basic
D:2:      layout_basic, minivault_4, cheibrodos_gnoll_hut, uniq_sigmund
D:3:      layout_loops_cross, uniq_jessica
D:4:      layout_basic, uniq_blork_the_orc
D:5:      layout_basic, minmay_temple_entry_antechambers, first_ration,
          kennysheep_generic_room_9, uniq_edmund
D:6:      layout_loops_ring, nemelex_xobeh_ov_fountains_minmay
D:7:      layout_basic
D:8:      layout_basic
D:9:      layout_long_grid, zombieorc1_lemuel
D:10:     layout_long_grid, grunt_lair_entry_orc_guard_hut,
          hangedman_stone_soup, kennysheep_small_spiral
Temple:   dpeg_three_leaves_temple
Lair:1:   layout_misc_corridors, hangedman_lair_unloving_vines, uniq_joseph,
          uniq_grum, uniq_urug, uniq_fannar, uniq_gastronok
Lair:2:   layout_regular_city, grunt_forest_large_clearing_hut,
          grunt_megastairs_3
Lair:3:   layout_loops_ring, shoals_dummy_entry, lemuel_fruit_fields,
          grunt_megastairs_5
Lair:4:   layout_loops_ring, nicolae_spider_entry_tight_spaces,
          bobbens_dragon_lair_wall
Lair:5:   layout_cave_pods, minmay_slime_entry_oklob_open

Skill      XL: |  1  2  3  4  5  6  7  8  9 10 11 12 13 |
---------------+----------------------------------------+-----
Stealth        | 2 3 4 5 |  5.0
Conjurations   | 2 3 4 6 7 8 9 |  9.0
Fire Magic     | 4 6 7 8 9 |  9.0
Shields        | 1 2 3 4 |  4.0
Dodging        | 3 4 6 7 9 10 | 10.0
Spellcasting   | 3 4 6 7 8 9 |  9.0
Fighting       | 1 3 4 6 7 9 10 | 10.0
Polearms       | 2 4 5 6 7 8 9 |  9.1
Evocations     | 4 6 7 8 9 |  9.0
Earth Magic    | 4 6 |  6.0

Action                   |  1- 3 |  4- 6 |  7- 9 | 10-12 | 13-15 || total
-------------------------+-------+-------+-------+-------+-------++-------
Melee: Whip              |     3 |       |     9 |       |       ||    12
       Spear             |       |     1 |     1 |       |       ||     2
       Dagger            |       |       |   116 |   295 |   114 ||   525
Throw: Stone             |    38 |    50 |    40 |       |       ||   128
       Javelin           |       |       |     3 |    15 |       ||    18
       Boomerang         |       |       |       |    26 |     5 ||    31
       Throwing net      |       |       |       |     6 |       ||     6
 Cast: Flame Tongue      |    43 |   108 |   196 |   195 |    48 ||   590
       Conjure Flame     |     3 |     6 |       |    15 |     8 ||    32
       Sticky Flame      |       |       |    31 |   113 |    58 ||   202
       Fireball          |       |       |       |     6 |    19 ||    25
       Bolt of Magma     |       |       |       |     2 |    21 ||    23
 Abil: Hop               |     1 |       |     3 |     4 |     2 ||    10
Evoke: Wand              |       |       |     2 |    10 |     5 ||    17
       Lamp of fire      |       |       |       |       |     1 ||     1
  Use: Scroll            |       |       |    17 |     6 |     2 ||    25
       Potion            |       |       |     4 |       |     1 ||     5
 Stab: Sleeping          |       |       |     2 |       |       ||     2
  Eat: Chunk             |     5 |     9 |    28 |    41 |    20 ||   103
       Ration            |       |       |       |     1 |     3 ||     4
Armor: Robe              |     9 |     9 |    39 |    31 |    12 ||   100
       Steam dragon scal |       |       |       |       |    13 ||    13
Dodge: Dodged            |    25 |    25 |   161 |   360 |   184 ||   755
Block: Buckler           |       |       |    19 |   103 |    45 ||   167

Table legend:
 A = Non-vault XP
 B = Vault XP
 C = Vault XP percentage of total XP
 D = Non-vault monster count
 E = Vault monster count
 F = Vault count percentage of total count
                 A         B        C        D         E       F
            +---------+---------+-------+---------+---------+-------
      Total |   33699 |   19409 |  36.5 |     328 |      87 |  21.0
            +---------+---------+-------+---------+---------+-------
        D:1 |      19 |       0 |   0.0 |      13 |       0 |   0.0
        D:2 |     159 |     230 |  59.1 |      33 |       4 |  10.8
        D:3 |     197 |      37 |  15.8 |      27 |       1 |   3.6
        D:4 |     206 |      94 |  31.3 |      11 |       1 |   8.3
        D:5 |     501 |     159 |  24.1 |      24 |       2 |   7.7
        D:6 |     596 |       0 |   0.0 |      15 |       0 |   0.0
        D:7 |    1085 |       0 |   0.0 |      29 |       0 |   0.0
        D:8 |    2982 |       0 |   0.0 |      37 |       0 |   0.0
        D:9 |    3087 |     597 |  16.2 |      20 |      26 |  56.5
       D:10 |    5442 |     629 |  10.4 |      33 |       6 |  15.4
     Lair:1 |    1907 |    4879 |  71.9 |      10 |       7 |  41.2
     Lair:2 |    5129 |    1341 |  20.7 |      21 |       4 |  16.0
     Lair:3 |    5431 |     468 |   7.9 |      27 |       1 |   3.6
     Lair:4 |    3735 |    9341 |  71.4 |      12 |      32 |  72.7
     Lair:5 |    3223 |    1634 |  33.6 |      16 |       3 |  15.8
            +---------+---------+-------+---------+---------+-------
